 Dungeon Crawl Stone Soup version 0.27-a0-1105-g946c659c87 (webtiles) character file.

Game seed: 9977732983683303016

179 kae the Shield-Bearer (level 5, -2/42 HPs)
             Began as a Formicid Fighter on Apr 29, 2021.
             Was an Initiate of Okawaru.
             Succumbed to a water moccasin's poison
             ... on level 5 of the Dungeon.
             The game lasted 00:02:07 (3744 turns).

kae the Shield-Bearer (Formicid Fighter)            Turns: 3744, Time: 00:02:08

Health: -2/42      AC:  7    Str: 21    XL:     5   Next: 90%
Magic:  6/6        EV:  8    Int:  8    God:    Okawaru [......]
Gold:   27         SH:  9    Dex: 10    Spells: 4/4 levels left

rFire    . . .     SeeInvis +   a - +0 long sword
rCold    . . .     Faith    .   c - +0 kite shield
rNeg     . . .     Spirit   .   b - +0 scale mail
rPois    .         Reflect  .   (helmet unavailable)
rElec    .         Harm     .   (no cloak)
rCorr    .         Rampage  .   (no gloves)
Will     .....                  (no boots)
Stlth    ..........             (no amulet)
HPRegen  0.14/turn              (no ring)
MPRegen  0.10/turn              (no ring)

@: lethally poisoned (-2 -> -10), flying
A: permanent stasis, dig shafts and tunnels, antennae 3, four strong arms
a: Dig, Shaft Self, Renounce Religion


You were on level 5 of the Dungeon.
You worshipped Okawaru.
Okawaru was noncommittal.
You visited 1 branch of the dungeon, and saw 4 of its levels.

You collected 72 gold pieces.
You spent 45 gold pieces at shops.

Inventory:

Hand Weapons
 a - a +0 long sword (weapon)
Armour
 b - a +0 scale mail (worn)
 c - a +0 kite shield (worn)
Scrolls
 e - a scroll of noise
Potions
 d - a potion of might
 f - a potion of mutation
 h - a potion of flight
 i - a potion of haste {unknown}
 j - 2 potions of heal wounds
 k - 2 potions of magic {unknown}
 n - a potion of curing {unknown}


   Skills:
 + Level 4.1 Fighting
 * Level 3.7 Long Blades
 + Level 4.1 Armour
 + Level 4.5 Shields
 + Level 1.3 Invocations


You had 4 spell levels left.
You didn't know any spells.
Your spell library was empty.

Dungeon Overview and Level Annotations

Branches:
Dungeon (3/15)

Altars:
Okawaru
Uskayaw

Shops:
D:3 *

Annotations:
D:3 Sigmund, Terence


Innate Abilities, Weirdness & Mutations

You cannot be hasted, slowed, berserked, paralysed or teleported.
You can dig through walls and to a lower floor.
You have a pair of large antennae on your head. (SInv)
Your four strong arms can wield two-handed weapons with a shield.


Message History

You feel very buoyant.
You fly up into the air.
You feel sick. You block the water moccasin's attack.
It was a potion of heal wounds.
You feel much better.
You feel sick.
You block the water moccasin's attack. x2
You closely miss the water moccasin.
The water moccasin is moderately wounded.
You feel sick. You block the water moccasin's attack.
The water moccasin barely misses you.
You miss the water moccasin.
The water moccasin is moderately wounded.
You feel sick.
You are no longer poisoned.
You block the water moccasin's attack. The water moccasin barely misses you.
You riposte.
You barely miss the water moccasin.
The water moccasin is moderately wounded.
You miss the water moccasin.
The water moccasin is moderately wounded.
You block the water moccasin's attack. The water moccasin closely misses you.
Your scale mail prevents you from hitting the water moccasin.
The water moccasin is moderately wounded.
You block the water moccasin's attack. The water moccasin bites you.
You are poisoned.
The water moccasin poisons you!
You closely miss the water moccasin.
The water moccasin is moderately wounded.
You feel very sick. The water moccasin bites you.
* * * LOW HITPOINT WARNING * * *
You miss the water moccasin.
The water moccasin is moderately wounded.
* * * LOW HITPOINT WARNING * * *
You feel very sick. The water moccasin barely misses you.
You riposte.
You slash the water moccasin!
The water moccasin is severely wounded.
The water moccasin bites you!
* * * LOW HITPOINT WARNING * * *
You hit the water moccasin but do no damage.
The water moccasin is severely wounded.
You die...

#.....<...#######
#.......#........
#.......#.#######
####.####.# #.#
#.# #.# #.# #.#
#.# #.#####
#.@SZ.# #####...#
..... .... ... ..
.


You could see a water moccasin and a bullfrog zombie.

Vanquished Creatures
  A hound (D:5)
  An iguana (D:5)
  7 adders
  A worm (D:2)
  A dart slug (D:1)
  4 bats
  9 endoplasms
  7 goblins
  4 hobgoblins
  3 jackals (D:5)
  4 quokkas (D:1)
  2 ball pythons (D:1)
  2 frilled lizards (D:1)
  4 kobolds
  4 rats
54 creatures vanquished.

Notes
Turn   | Place    | Note
-------+----------+-------------------------------------------
     0 | D:1      | kae the Formicid Fighter began the quest for the Orb.
     0 | D:1      | Reached XP level 1. HP: 18/18 MP: 1/1
   267 | D:1      | Reached XP level 2. HP: 24/24 MP: 2/2
   829 | D:1      | Reached XP level 3. HP: 28/29 MP: 3/3
   923 | D:1      | Found a faded altar of an unknown god.
  1792 | D:2      | Reached XP level 4. HP: 32/37 MP: 4/4
  2962 | D:3      | Found an iron altar of Okawaru.
  2977 | D:3      | Became a worshipper of Warmaster Okawaru
  3347 | D:3      | Found Coygriph's Assorted Antiques.
  3409 | D:3      | Bought a scroll labelled WYOLYUN WEWKA for 24 gold pieces
  3409 | D:3      | Bought a fuming amethyst potion for 21 gold pieces
  3466 | D:3      | Reached XP level 5. HP: 39/42 MP: 5/5
  3471 | D:3      | Noticed Terence
  3474 | D:3      | Noticed Sigmund
  3482 | D:3      | You fall into a shaft and drop 2 floors!
  3482 | D:5      | Entered Level 5 of the Dungeon
  3482 | D:5      | Found a hide-covered altar of Uskayaw.
  3482 | D:5      | Noticed a +0 dagger
  3482 | D:5      | Noticed a +0 short sword
  3482 | D:5      | Noticed a +0 falchion
  3482 | D:5      | Noticed a +0 spear
  3482 | D:5      | Noticed a +0 falchion
  3482 | D:5      | Noticed a +0 short sword
  3482 | D:5      | Noticed a +0 dagger
  3482 | D:5      | Noticed a +0 spear
  3646 | D:5      | Reached skill level 1 in Invocations
  3709 | D:5      | Noticed a water moccasin
  3743 | D:5      | HP: 1/42 [water moccasin (8)]
  3744 | D:5      | Succumbed to a water moccasin's poison

Illustrated notes

Levels and vault maps discovered:
D:1:      giann_horns, layout_basic, hellmonk_ecumenical_altar_slurped_away
D:2:      layout_basic
D:3:      layout_loops_ring, okawaru_metal_pillars_1_2, serial_shops, shop,
          uniq_terence, uniq_sigmund
D:5:      layout_rooms, nicolae_uskayaw_en_pointe, gammafunk_ghost_smash

Skill      XL: |  1  2  3  4  5 |
---------------+----------------+-----
Shields        | 4 |  4.5
Long Blades    | 3 |  3.7
Fighting       | 4 |  4.1
Armour         | 4 |  4.1
Invocations    | 1 |  1.3

Action                   |  1- 3 |  4- 6 || total
-------------------------+-------+-------++-------
Melee: Long sword        |   118 |   118 ||   236
 Abil: Shaft Self        |       |     1 ||     1
  Use: Scroll            |     6 |     3 ||     9
       Potion            |       |     3 ||     3
Armor: Scale mail        |    68 |    47 ||   115
Dodge: Dodged            |    34 |    50 ||    84
Block: Kite shield       |    77 |    66 ||   143
       Rpst.: Long sword |    15 |    16 ||    31

Table legend: (Time is in decaauts)
 A = Elapsed time spent in this place.
 B = Non-inter-level travel time spent in this place.
 C = Inter-level travel time spent in this place.
 D = Time resting spent in this place.
 E = Time spent auto-exploring this place.
 F = Levels seen in this place.
 G = Mean time per level.
                   A        B        C        D        E       F      G
               +--------+--------+--------+--------+--------+-----+--------+
         Total |   3844 |   3634 |    210 |    394 |   2676 |   4 |  961.0 |
       Dungeon |   3844 |   3634 |    210 |    394 |   2676 |   4 |  961.0 |
               +--------+--------+--------+--------+--------+-----+--------+

Top non-repeatable levels by time:
     D:1: 1525 daAuts
     D:2: 1506 daAuts
     D:3: 530 daAuts
     D:5: 281 daAuts
